 Dungeon Crawl Stone Soup version 0.20.0-10-g0535bb4 (webtiles) character file.

167 vatarom the Sneak (level 5, -3/28 HPs)
             Began as a Vine Stalker Assassin on June 7, 2017.
             Killed by nerve-wracking pain
             ... invoked by an orc priest
              (8 damage)
             ... on level 4 of the Dungeon.
             The game lasted 00:04:12 (2208 turns).

vatarom the Sneak (Vine Stalker Assassin)           Turns: 2208, Time: 00:04:13

Health: -3/28      AC:  3    Str: 13    XL:     5   Next: 48%
Magic:  0/5        EV: 11    Int: 13    God:
Gold:   119        SH:  0    Dex: 17    Spells: 4/4 levels left

rFire    + . .     SeeInvis .   o - +0 rapier
rCold    . . .     Gourm    .   (no shield)
rNeg     . . .     Faith    .   c - +0 robe
rPois    .         Spirit   +   (no helmet)
rElec    .         Reflect  .   d - +0 cloak
rCorr    .         Harm     .   (no gloves)
MR       .....                  (no boots)
Stlth    +++.......             (no amulet)
Regen    0.5/turn               (no ring)
MPRegen  0.1/turn               (no ring)

@: no status effects
A: fangs 2, clever 1, fire resistance 1, low mp 1, regeneration 1, magic shield,
antimagic bite, no potion heal 3, rot immunity
a: no special abilities


You were on level 4 of the Dungeon.
You were not hungry.

You visited 1 branch of the dungeon, and saw 4 of its levels.

You collected 119 gold pieces.

Inventory:

Hand Weapons
 a - a +2 dagger
 b - a +0 blowgun
 o - a +0 rapier (weapon)
Missiles
 e - 8 poisoned needles
 f - 2 curare-tipped needles
Armour
 c - a +0 robe (worn)
 d - a +0 cloak (worn)
Scrolls
 h - 4 scrolls of identify
 l - a scroll of recharging
 m - a scroll of teleportation
Potions
 i - a potion of resistance
 n - a potion of curing
Comestibles
 g - 4 bread rations
 j - 2 meat rations


   Skills:
 + Level 3.3 Fighting
 + Level 4.0 Short Blades
 - Level 1.7 Throwing
 - Level 0.7 Dodging
 - Level 4.8 Stealth


You had 4 spell levels left.
You didn't know any spells.

Dungeon Overview and Level Annotations

Branches:
Dungeon (4/15)
 Temple: D:4-7

Altars:
Trog


Innate Abilities, Weirdness & Mutations

You have extremely sharp teeth.
Your natural rate of healing is unusually fast.
When hurt, damage is shared between your health and your magic reserves.
Your bite disrupts and absorbs the magic of your enemies.
Potions cannot restore your health.
You are immune to rotting.
Your mind is acute. (Int +2)
Your flesh is heat resistant. (rF+)
Your magical capacity is low. (-10% MP)


Message History

You hit the hound skeleton.
You destroy the hound skeleton!
Your Short Blades skill increases to level 4!
The orc wizard casts a spell at you.
The magic dart hits something.
Something hits you.
You closely miss something. You bite something. Something hits you.
You barely miss something. You bite something.
Something hits you but does no damage. Something hits you but does no damage.
You hit the orc priest.
The orc priest is lightly wounded.
The orc priest hits you with a short sword.
* * * LOW HITPOINT WARNING * * *
Something completely misses you. The orc wizard hits you with a dagger.
* * * LOW HITPOINT WARNING * * *
Unknown command.
Okay, then.
The orc priest mumbles some strange prayers to Beogh against you.
Pain shoots through your body!
You die...

######### #........
#......>.
#########........
#......##........
#....Z...........
#####...oo.##?.......
#..........##........
.......@...##........
#......>..###.......>
#.........# ###.#####
#.........## .#
...........# .#
.........#.## .#
.........#..###.#
###......##.....# .
+......###..###


You could see an orc priest, an orc wizard and an adder skeleton.

Vanquished Creatures
  A scorpion (D:3)
  An orc wizard (D:3)
  A hound skeleton (D:4)
  2 adders (D:3)
  A worm (D:3)
  A dart slug (D:1)
  6 orcs (D:3)
  2 ball pythons
  A giant cockroach (D:1)
  7 hobgoblins
  6 jackals
  5 bats
  4 frilled lizards
  7 goblins
  4 kobolds
  5 rats (D:1)
54 creatures vanquished.

Notes
Turn   | Place    | Note
-------+----------+-------------------------------------------
     0 | D:1      | vatarom the Vine Stalker Assassin began the quest for the Orb.
     0 | D:1      | Reached XP level 1. HP: 11/11 MP: 2/2
    89 | D:1      | Reached XP level 2. HP: 9/15 MP: 3/3
   753 | D:1      | Reached XP level 3. HP: 18/18 MP: 4/4
   795 | D:1      | Gained mutation: Your magical capacity is low. (-10% MP) [potion of mutation]
   795 | D:1      | Gained mutation: Your flesh is heat resistant. (rF+) [potion of mutation]
   795 | D:1      | Gained mutation: Your mind is acute. (Int +2) [potion of mutation]
  1622 | D:3      | Gained mutation: Your natural rate of healing is unusually fast. [Vine Stalker growth]
  1622 | D:3      | Reached XP level 4. HP: 13/23 MP: 2/4
  2001 | D:3      | Reached XP level 5. HP: 28/28 MP: 5/5
  2128 | D:3      | Found a bloodstained altar of Trog.
  2208 | D:4      | Killed from afar by an orc priest

Skill      XL: |  1  2  3  4  5 |
---------------+----------------+-----
Short Blades   | 2 3 4 |  4.0
Fighting       | 2 3 |  3.3
Throwing       | |  1.7
Dodging        | |  0.7
Stealth        | |  4.8

Action                   |  1- 3 |  4- 6 || total
-------------------------+-------+-------++-------
Melee: Dagger            |   116 |    26 ||   142
       Bite              |    22 |    14 ||    36
       Rapier            |       |     7 ||     7
  Use: Scroll            |     5 |       ||     5
       Potion            |     5 |       ||     5
 Stab: Sleeping          |     8 |     5 ||    13
       Distracted        |     1 |       ||     1
  Eat: Chunk             |     2 |     2 ||     4
Armor: Robe              |    24 |     9 ||    33
Dodge: Dodged            |    65 |    12 ||    77
